 Dungeon Crawl Stone Soup version 0.28.0 (webtiles) character file.

Game seed: 6235261493486793127

277 Crownlay the Shooter (level 6, -8/53 HPs)
             Began as a Minotaur Hunter on Feb 12, 2022.
             Was an Initiate of Okawaru.
             Mangled by an ogre (31 damage)
             ... on level 5 of the Dungeon.
             The game lasted 00:05:28 (4839 turns).

Crownlay the Shooter (Minotaur Hunter)              Turns: 4839, Time: 00:05:28

Health: -8/53      AC:  4    Str: 16    XL:     6   Next: 4%
Magic:  5/5        EV: 16    Int:  8    God:    Okawaru [......]
Gold:   224        SH:  0    Dex: 13    Spells: 5/5 levels left

rFire   . . .      SeeInvis .   e - +1 whip (vamp)
rCold   . . .      Faith    .   (no shield)
rNeg    + . .      Spirit   .   c - +0 leather armour
rPois   .          Reflect  .   (helmet restricted)
rElec   .          Harm     .   v - scarf {shadows}
rCorr   .          Rampage  .   f - +0 pair of gloves
Will    .....                   (no boots)
Stlth   +.........              (no amulet)
HPRegen 0.17/turn               k - +4 ring of evasion
MPRegen 0.09/turn               o - ring of positive energy

@: no status effects
A: horns 2, retaliatory headbutt
a: Renounce Religion


You were on level 5 of the Dungeon.
You worshipped Okawaru.
Okawaru was noncommittal.
You visited 2 branches of the dungeon, and saw 6 of its levels.

You collected 224 gold pieces.

Inventory:

Hand Weapons
 a - a +1 shortbow
 e - a +1 vampiric whip (weapon)
Missiles
 d - 2 arrows
Armour
 c - a +0 leather armour (worn)
 f - a +0 pair of gloves (worn)
 v - a scarf of shadows (worn)
Jewellery
 k - a +4 ring of evasion (left hand)
 o - a ring of positive energy (right hand)
 t - a ring of protection from cold
 w - a ring of wizardry
Wands
 q - a wand of paralysis (7)
 r - a wand of flame (22)
Scrolls
 b - 2 scrolls of noise
 g - 4 scrolls of teleportation
 h - a scroll of immolation {unknown}
 i - a scroll of summoning {unknown}
 n - 2 scrolls of identify
 u - a scroll of silence {unknown}
 y - a scroll of torment {unknown}
Potions
 j - 4 potions of curing
 l - a potion of attraction {unknown}
 m - a potion of haste {unknown}
 p - 2 potions of lignification
 s - a potion of degeneration
 x - a potion of mutation {unknown}
 z - a potion of berserk rage {unknown}


   Skills:
 + Level 4.7 Fighting
 * Level 7.0 Bows
 - Level 2.1 Dodging
 - Level 0.7 Stealth
 + Level 0.4 Invocations


You had 5 spell levels left.
You didn't know any spells.
Your spell library was empty.

Dungeon Overview and Level Annotations

Branches:
Dungeon (5/15)             Temple (1/1) D:5

Altars:
Ashenzari
Cheibriados
Dithmenos
Elyvilon
Fedhas
Gozag
Hepliaklqana
Kikubaaqudgha
Nemelex Xobeh
Okawaru
Qazlal
Ru
Sif Muna
Trog
Uskayaw
Vehumet
Wu Jian
Xom
Yredelemnul
Zin
The Shining One

Shops:
D:5 ?


Innate Abilities, Weirdness & Mutations

You have a pair of horns on your head.
You reflexively headbutt those who attack you in melee.


Message History

No target in view!
No target in view!
No target in view!
No target in view!
No target in view!
No target in view!
No target in view!
y - a scroll labelled BIKISI FEORCHAFFIT
Found Mager's Magic Scroll Boutique.
No target in view!
An ogre comes into view. It is wielding a +0 giant spiked club.
You feel the dreadful sensation subside.
a - a +1 shortbow (weapon)
The ogre shouts!
You shoot an arrow. The arrow barely misses the ogre.
You shoot an arrow.
The arrow hits the ogre but does no damage.
You shoot an arrow. The arrow hits the ogre.
The ogre is lightly wounded.
You shoot an arrow. The arrow hits the ogre.
The ogre is moderately wounded.
You feel a sense of dread.
e - a +1 vampiric whip (weapon)
You barely miss the ogre.
The ogre is moderately wounded.
The ogre hits you with a +0 giant spiked club!!
Ouch! That really hurt!
You are too injured to fight recklessly!
You are too injured to fight recklessly!
You are too injured to fight recklessly!
You are too injured to fight recklessly!
You are too injured to fight recklessly!
You are too injured to fight recklessly!
You are too injured to fight recklessly!
You are too injured to fight recklessly!
You hit the ogre. You headbutt the ogre!
The ogre is heavily wounded.
The ogre hits you with a +0 giant spiked club!!
Ouch! That really hurt!
You die...

### ###### ##
#...##..... ..
##.# #.#.####
#.######.#
#...###
#(O@.....#
#.#....
.((.∩.##.##.##
##...### ####.#
#.###.###...####
#.
#.####..........
.
#.##....#######.
## #.##.#.## #.
#.##.#.# #. #
#.# #. #.# #.


You could see an ogre.

Vanquished Creatures
  A jelly (D:4)
  A bullfrog zombie (D:5)
  2 hounds (D:5)
  Ijyb (D:3)
  4 adders
  2 worms
  3 dart slugs
  3 orcs
  4 endoplasms (D:1)
  A giant cockroach (D:1)
  5 goblins
  8 hobgoblins
  7 jackals
  7 kobolds
  A quokka (D:1)
  8 ball pythons
  9 bats
  15 frilled lizards
  3 rats
85 creatures vanquished.

Vanquished Creatures (others)
  6 plants (D:3)
6 creatures vanquished.

Grand Total: 91 creatures vanquished

Notes
Turn   | Place    | Note
-------+----------+-------------------------------------------
     0 | D:1      | Crownlay the Minotaur Hunter began the quest for the Orb.
     0 | D:1      | Reached XP level 1. HP: 18/18 MP: 0/0
   198 | D:1      | Reached XP level 2. HP: 25/25 MP: 1/1
   216 | D:1      | Found a faded altar of an unknown god.
   378 | D:1      | Reached skill level 5 in Bows
   536 | D:1      | Reached XP level 3. HP: 29/31 MP: 2/2
  1158 | D:2      | Found a hazy altar of Hepliaklqana.
  1457 | D:2      | Reached XP level 4. HP: 16/38 MP: 3/3
  2260 | D:3      | Noticed Ijyb
  2267 | D:3      | Killed Ijyb
  2268 | D:3      | Reached skill level 6 in Bows
  3215 | D:4      | Reached XP level 5. HP: 46/46 MP: 4/4
  3775 | D:5      | Entered Level 5 of the Dungeon
  3968 | D:5      | Found a staircase to the Ecumenical Temple.
  3976 | Temple   | Entered the Ecumenical Temple
  4534 | Temple   | Became a worshipper of Warmaster Okawaru
  4701 | D:5      | Reached skill level 7 in Bows
  4701 | D:5      | Reached XP level 6. HP: 53/53 MP: 5/5
  4827 | D:5      | Found Mager's Magic Scroll Boutique.
  4839 | D:5      | Mangled by an ogre

Illustrated notes

Levels and vault maps discovered:
D:1:      minmay_arrival_arboretum_small, layout_basic,
          hellmonk_ecumenical_altar_run_dry
D:2:      layout_basic, basic_altar
D:3:      minmay_inner_zag, layout_basic, chequers_big_river,
          minmay_lizard_king, uniq_ijyb
D:4:      layout_loops_ring
D:5:      layout_loops_ring, lightli_temple_of_fire,
          minmay_temple_entry_slanted, serial_shops, shop
Temple:   mainiacjoe_temple_starburst

Skill      XL: |  1  2  3  4  5 |
---------------+----------------+-----
Bows           | 5 6 7 |  7.0
Fighting       | 3 4 |  4.7
Dodging        | |  2.1
Stealth        | |  0.7
Invocations    | |  0.4

Action                   |  1- 3 |  4- 6 || total
-------------------------+-------+-------++-------
Melee: Short sword       |    13 |       ||    13
       Whip              |    78 |    45 ||   123
       Headbutt          |    14 |     9 ||    23
       Punch             |       |     1 ||     1
 Fire: Shortbow          |    32 |    53 ||    85
  Use: Scroll            |       |     5 ||     5
 Stab: Sleeping          |     3 |     1 ||     4
Armor: Leather armour    |    37 |    13 ||    50
Dodge: Dodged            |    67 |    47 ||   114
